[Event "Nacional Masters POR 2017-18"]
[Site "Cascais"]
[Date "2018.08.11"]
[Round "1"]
[White "Padeiro, Jose Joao Tato"]
[Black "Dias, Paulo"]
[Result "1/2-1/2"]
[ECO "A53"]
[WhiteElo "2241"]
[BlackElo "2328"]
[Annotator "NA RC"]
[PlyCount "95"]
[EventDate "2018.08.11"]
[EventType "tourn"]
[EventCountry "POR"]
[SourceTitle "playchess.com"]
[Source "ChessBase"]
[SourceQuality "1"]
[TimeControl "5400+30"]

1. d4 Nf6 2. c4 d6 3. Nf3 Nbd7 4. g3 e5 5. Bg2 Be7 6. Nc3 O-O 7. O-O c6 8. e4 a5 9. Qc2 Re8 10. d5 Nb6 11. b3 a4 12. Ba3 Bf8 13. Ne1 g6 14. Nd3 c5 15. Nd1 h5 16. b4 cxb4 17. Bxb4 Qc7 18. Rc1 Nbd7 19. c5 dxc5 20. Nxc5 Bxc5 21. Bxc5 b6 22. Bb4 Qxc2 23. Rxc2 Ba6 24. Re1 Rec8 25. Rxc8+ Rxc8 26. Nc3 a3 27. Nd1 Rc2 28. Bxa3 Rxa2 29. Be7 Ra1 30. f3 g5 31. Bf1 g4 32. Bxa6 Rxa6 33. fxg4 hxg4 34. Nf2 Ra4 35. Re2 Kg7 36. Kg2 Rd4 37. h3 gxh3+ 38. Kxh3 Nc5 39. Bxc5 bxc5 40. Kg2 Ra4 41. Kf3 c4 42. Rc2 Ne8 43. Ng4 Ra3+ 44. Kg2 Nd6 45. Nxe5 Nxe4 46. Rxc4 Rxg3+ 47. Kh2 Re3 48. Ng4 1/2-1/2

[Event "Nacional Masters POR 2017-18"]
[Site "Cascais"]
[Date "2018.08.11"]
[Round "1"]
[White "Guerra, Vitor Manuel Vestia"]
[Black "Dias, Ivo Rodrigues"]
[Result "1/2-1/2"]
[ECO "A46"]
[WhiteElo "2127"]
[BlackElo "2164"]
[Annotator "NA"]
[PlyCount "20"]
[EventDate "2018.08.11"]
[EventType "tourn"]
[EventCountry "POR"]
[SourceTitle "playchess.com"]
[Source "ChessBase"]
[SourceQuality "1"]
[TimeControl "5400+30"]

1. d4 Nf6 2. Nf3 e6 3. c4 d5 4. cxd5 exd5 5. Nc3 c6 6. Bg5 Be6 7. e3 Nbd7 8. Bd3 Bd6 9. Qc2 Qc7 10. a3 a6 1/2-1/2

[Event "Nacional Masters POR 2017-18"]
[Site "Cascais"]
[Date "2018.08.12"]
[Round "2"]
[White "Dias, Paulo"]
[Black "Dias, Ivo Rodrigues"]
[Result "0-1"]
[ECO "D35"]
[WhiteElo "2328"]
[BlackElo "2164"]
[Annotator "NA RC"]
[PlyCount "62"]
[EventDate "2018.08.11"]
[EventType "tourn"]
[EventCountry "POR"]
[SourceTitle "playchess.com"]
[Source "ChessBase"]
[SourceQuality "1"]
[TimeControl "5400+30"]

1. d4 Nf6 2. c4 e6 3. Nc3 d5 4. cxd5 exd5 5. Bg5 Bb4 6. e3 h6 7. Bh4 g5 8. Bg3 Ne4 9. Rc1 c6 10. Bd3 Nxg3 11. fxg3 $11 Qe7 12. Qf3 Be6 13. Nge2 Nd7 14. O-O Bd6 15. e4 dxe4 16. Nxe4 O-O-O 17. N2c3 Kb8 18. Kh1 Bc7 19. b4 Qxb4 20. Ne2 Bb6 21. Rb1 Qa3 22. Rfc1 Ne5 23. dxe5 Qxd3 24. a4 Qxf3 25. gxf3 Rd5 26. f4 Bg4 27. Ng1 Bf5 28. Rc4 Rhd8 29. Nf3 Rd4 30. Rxd4 Rxd4 31. Ned2 Rxa4 0-1

[Event "Nacional Masters POR 2017-18"]
[Site "Cascais"]
[Date "2018.08.12"]
[Round "2"]
[White "Margarido, Jose Miguel Teixeir"]
[Black "Santos, Jose Alves"]
[Result "0-1"]
[ECO "D02"]
[WhiteElo "2081"]
[BlackElo "2118"]
[Annotator "NA"]
[PlyCount "78"]
[EventDate "2018.08.11"]
[EventType "tourn"]
[EventCountry "POR"]
[SourceTitle "playchess.com"]
[Source "ChessBase"]
[SourceQuality "1"]
[TimeControl "5400+30"]

1. d4 d5 2. Nf3 e6 3. c4 Nf6 4. g3 c6 5. Qc2 Ne4 6. Bg2 f5 7. O-O Be7 8. b3 O-O 9. Ba3 Bxa3 10. Nxa3 Nd7 11. Qb2 Rf6 12. Nc2 Qe8 13. Nce1 Rh6 14. Nd3 g5 15. e3 Nf8 16. Nde5 Qh5 17. h3 g4 18. Nd2 gxh3 19. Bf3 Qg5 20. Bxe4 h2+ 21. Kg2 fxe4 22. Rh1 Qh5 23. f3 Ng6 24. Nxg6 exf3+ 25. Kf2 Rxg6 26. Nf1 Rh6 27. Qb1 e5 28. Rxh2 Qxh2+ 29. Nxh2 Rxh2+ 30. Kxf3 e4+ 31. Kf4 Bd7 32. Qg1 Rh5 33. g4 Rf8+ 34. Kg3 Rf3+ 35. Kg2 Bxg4 36. Qe1 Bh3+ 37. Kg1 Rg5+ 38. Kh1 Bg2+ 39. Kg1 Bf1+ 0-1

[Event "Nacional Masters POR 2017-18"]
[Site "Cascais"]
[Date "2018.08.13"]
[Round "3"]
[White "Santos, Antonio Pereira"]
[Black "Padeiro, Jose Joao Tato"]
[Result "1/2-1/2"]
[ECO "D37"]
[WhiteElo "2194"]
[BlackElo "2241"]
[Annotator "RC"]
[PlyCount "195"]
[EventDate "2018.08.11"]
[EventType "tourn"]
[EventCountry "POR"]
[SourceTitle "playchess.com"]
[Source "ChessBase"]
[SourceQuality "1"]
[TimeControl "5400+30"]

1. d4 Nf6 2. c4 e6 3. Nf3 d5 4. Nc3 a6 5. cxd5 exd5 6. Bg5 Be7 7. e3 c6 8. Qc2 O-O 9. Bd3 Nbd7 10. O-O Re8 11. Rab1 Nf8 12. b4 g6 13. a4 Ne6 14. Bh4 Ng7 15. b5 axb5 16. axb5 Bf5 17. bxc6 bxc6 18. Ne5 Rc8 19. Rb7 Bxd3 20. Qxd3 Rc7 21. Rxc7 Qxc7 22. Rc1 Qb7 23. Qb1 Qa8 24. Qa2 Qb7 25. Rb1 Qc7 26. Qa6 Nf5 27. Bxf6 Bxf6 28. Qxc6 Qd8 29. Nd7 Re6 30. Qxd5 Kg7 31. Rb8 Qe7 32. Nxf6 Qxf6 33. Qc5 Qxd4 34. Qxd4+ Nxd4 35. h3 Nf5 36. Rb7 h5 37. Kf1 Rc6 38. Ne4 Nd6 39. Nxd6 Rxd6 40. g4 hxg4 41. hxg4 g5 42. Rb5 Kg6 43. Ke2 Ra6 44. Rd5 f6 45. Kf3 Ra2 46. Rd6 Rb2 47. Kg3 Rb3 48. Rc6 Ra3 49. Kf3 Ra2 50. Kg3 Ra3 51. Rc2 Rb3 52. Kf3 Ra3 53. Rd2 Ra4 54. Kg3 Ra3 55. Kg2 Rb3 56. Kf1 Ra3 57. Ke2 Ra4 58. f3 Ra3 59. Rc2 Rb3 60. Rc6 Ra3 61. Kd2 Rb3 62. Rc3 Rb6 63. Kd3 Re6 64. Rc5 Ra6 65. Kd4 Ra4+ 66. Rc4 Ra3 67. Ke4 Ra8 68. Rc5 Ra4+ 69. Kd5 Ra3 70. Kd4 Ra4+ 71. Rc4 Ra3 72. Rb4 Ra8 73. Rb3 Re8 74. Kd5 Ra8 75. Rc3 Ra5+ 76. Kd6 Ra6+ 77. Kc7 Ra7+ 78. Kb8 Re7 79. Kc8 Ra7 80. e4 Ra8+ 81. Kd7 Ra7+ 82. Kd6 Ra6+ 83. Rc6 Ra3 84. Ke7 Ra7+ 85. Kd8 Ra8+ 86. Kc7 Kf7 87. Rc3 Ke6 88. Rc6+ Ke7 89. Rc5 Ra3 90. Rf5 Rc3+ 91. Kb6 Ke6 92. Kb5 Rc8 93. Kb4 Rc7 94. Kb5 Rc3 95. Kb6 Rc8 96. Kb7 Rc3 97. Kb8 Rc4 98. Kb7 {Kd5} 1/2-1/2

[Event "Nacional Masters POR 2017-18"]
[Site "Cascais"]
[Date "2018.08.12"]
[Round "3"]
[White "Fidalgo, Andre Neves"]
[Black "Dias, Paulo"]
[Result "1-0"]
[ECO "A88"]
[WhiteElo "2187"]
[BlackElo "2328"]
[Annotator "RC"]
[PlyCount "105"]
[EventDate "2018.08.11"]
[EventType "tourn"]
[EventCountry "POR"]
[SourceTitle "playchess.com"]
[Source "ChessBase"]
[SourceQuality "1"]
[TimeControl "5400+30"]

1. d4 d6 2. Nf3 f5 3. g3 Nf6 4. Bg2 g6 5. O-O Bg7 6. c4 O-O 7. Nc3 c6 8. Qc2 Na6 9. a3 Qe8 10. e4 e5 11. Re1 exd4 12. exf5 Bxf5 13. Rxe8 Bxc2 14. Rxa8 Rxa8 15. Nxd4 Bd3 16. Bf1 Nc5 17. Be3 Ng4 18. Ne6 Nxe6 19. Bxd3 Nxe3 20. fxe3 Nc5 21. Bc2 Bxc3 22. bxc3 Kf7 23. Kf2 Ke6 24. Ke2 Rf8 25. Rb1 b6 26. Rd1 Nd7 27. Be4 Ne5 28. h3 Kd7 29. Bd3 Ke7 30. a4 Nxd3 31. Rxd3 Rf5 32. Rd2 Ra5 33. Ra2 b5 34. cxb5 cxb5 35. Rb2 bxa4 36. Kd3 a3 37. Ra2 Ke6 38. Kc4 Ke5 39. Kb4 Ra6 40. c4 Ke4 41. c5 dxc5+ 42. Kxc5 Kxe3 43. Kb5 Rb6+ 44. Kc4 Rc6+ 45. Kb4 a6 46. Rxa3+ Kf2 47. g4 g5 48. Rd3 Rf6 49. Rd5 h6 50. Rf5+ Kg3 51. Rxf6 Kxh3 52. Rxh6+ Kxg4 53. Kc3 1-0

[Event "Nacional Masters POR 2017-18"]
[Site "Cascais"]
[Date "2018.08.13"]
[Round "4"]
[White "Padeiro, Jose Joao Tato"]
[Black "Santos, Jose Alves"]
[Result "1-0"]
[ECO "D02"]
[WhiteElo "2241"]
[BlackElo "2118"]
[Annotator "ChessBase"]
[PlyCount "134"]
[EventDate "2018.08.11"]
[EventType "tourn"]
[EventCountry "POR"]
[SourceTitle "playchess.com"]
[Source "ChessBase"]
[SourceQuality "1"]
[TimeControl "5400+30"]

1. d4 d5 2. Nf3 c6 3. c4 e6 4. Nc3 Be7 5. Bf4 f5 6. e3 Nf6 7. Qc2 O-O 8. O-O-O Bd7 9. Ne5 Na6 10. f3 Nb4 11. Qb3 Qc8 12. Kb1 dxc4 13. Bxc4 Nbd5 14. Rhe1 b5 15. Bxd5 Nxd5 16. Nxd5 exd5 17. Rc1 a5 18. a4 g5 19. Bg3 f4 20. exf4 gxf4 21. Bf2 Bb4 22. Rg1 Bd2 23. Rcd1 bxa4 24. Qxa4 Bb4 25. g3 Be8 26. gxf4+ Kh8 27. Qc2 Rb8 28. Ka1 Bd6 29. f5 Qxf5 30. Qxf5 Rxf5 31. Bg3 Rb4 32. Kb1 Bb8 33. Rc1 Rxd4 34. Nxc6 Bxc6 35. Bxb8 Rc4 36. Rce1 h5 37. Re7 d4 38. Be5+ Rxe5 39. Rxe5 Bxf3 40. Rc1 Rb4 41. Rf1 Bg4 42. h3 Bd7 43. Rxh5+ Kg7 44. Rxa5 Bxh3 45. Ra7+ Kg6 46. Rg1+ Kf6 47. Ra5 d3 48. Rd1 Rf4 49. Rxd3 Bf5 50. Rxf5+ Kxf5 51. Re3 Rb4 52. Kc2 Rc4+ 53. Kd3 Rb4 54. Kc3 Rb8 55. b4 Rc8+ 56. Kd4 Rd8+ 57. Kc5 Rc8+ 58. Kd6 Rb8 59. Rb3 Rd8+ 60. Kc7 Rd1 61. b5 Rc1+ 62. Kd6 Rd1+ 63. Kc5 Rc1+ 64. Kb4 Ke6 65. Rd3 Rb1+ 66. Kc5 Rc1+ 67. Kb6 Rb1 1-0

[Event "Nacional Masters POR 2017-18"]
[Site "Cascais"]
[Date "2018.08.13"]
[Round "4"]
[White "Horta, Antonio Mauricio Ri"]
[Black "Lavrador, Rodolfo M Mascarenh"]
[Result "1/2-1/2"]
[ECO "A40"]
[WhiteElo "1950"]
[BlackElo "1859"]
[Annotator "NA RC"]
[PlyCount "112"]
[EventDate "2018.08.11"]
[EventType "tourn"]
[EventCountry "POR"]
[SourceTitle "playchess.com"]
[Source "ChessBase"]
[SourceQuality "1"]
[TimeControl "5400+30"]

1. d4 e6 2. Nf3 d5 3. g3 Nf6 4. Bg2 Be7 5. O-O O-O 6. c4 c6 7. Nc3 Nbd7 8. Bf4 Re8 {[%emt 0:03:59] E07: Closed Catalan: Main Line (5 Nf3 0-0 6 0-0 Nbd7)} (8... b6 9. cxd5 exd5 10. Rc1 Bb7 11. Qc2 Re8 12. Rfd1 Nf8 13. e4 dxe4 14. Ne5 Nd5 15. Nxe4 Ne6 16. Be3 Rc8 17. Qb3 Bf8 18. Nc3 Nxe3 19. fxe3 Rc7 20. Kh1 {1-0 (54) Dominguez Perez,L (2739)-Caruana,F (2807) Saint Louis 2017}) 9. Qd3 Nf8 10. e4 $146 ({Predecessor:} 10. Rad1 Ng6 11. Bc1 Qc7 12. h4 Bb4 13. a3 Bxc3 14. Qxc3 Ne4 15. Qc2 f5 16. h5 Nf8 {1-0 (38) Mirzaev,A (2271)-Parshakov,V (1918) Uljanovsk 2014}) 10... dxe4 11. Nxe4 Ng6 $1 12. Be3 e5 13. Rad1 Nxe4 14. Qxe4 f5 15. Qc2 e4 $1 16. Ne5 Nxe5 17. dxe5 Qa5 18. Bd4 Be6 19. b3 Rad8 20. Kh1 Bc5 21. Bc3 Qb6 22. g4 Rxd1 23. Rxd1 Bxf2 24. gxf5 Bxf5 25. Bxe4 Bxe4+ 26. Qxe4 Qe3 27. Qxe3 Bxe3 28. Rd7 b5 29. Rc7 Re6 30. Kg2 bxc4 31. bxc4 Bb6 (31... Bf4 $11 {keeps the balance.}) 32. Rd7 Kf8 33. Kf3 c5 34. Ke4 Re7 35. Rxe7 Kxe7 36. Kd5 g5 37. a4 h5 38. a5 Bc7 39. Kxc5 Ke6 40. Kc6 Bxe5 41. Bxe5 Kxe5 42. c5 g4 43. Kd7 h4 44. c6 g3 45. hxg3 hxg3 46. c7 g2 47. c8=Q g1=Q 48. Qc3+ Kd5 49. Qc6+ Ke5 50. Qd6+ Ke4 51. Kc7 Qg7+ $2 (51... Qd4 $11) 52. Kb8 Qf7 53. Qc7 Qxc7+ 54. Kxc7 Kd5 55. a6 $11 Kc5 56. Kb7 Kd6 1/2-1/2

[Event "Nacional Masters POR 2017-18"]
[Site "Cascais"]
[Date "2018.08.14"]
[Round "5"]
[White "Martins, David Pires Tavares"]
[Black "Margarido, Jose Miguel Teixeir"]
[Result "1/2-1/2"]
[ECO "A00"]
[WhiteElo "2397"]
[BlackElo "2081"]
[Annotator "NA"]
[PlyCount "92"]
[EventDate "2018.08.11"]
[EventType "tourn"]
[EventCountry "POR"]
[SourceTitle "playchess.com"]
[Source "ChessBase"]
[SourceQuality "1"]
[TimeControl "5400+30"]

1. g3 Nf6 2. Bg2 d5 3. f4 g6 4. Nf3 Bg7 5. O-O O-O 6. d3 c5 7. c3 Nc6 8. Na3 b6 9. Qe1 Ba6 10. h3 Rc8 11. Rb1 e6 12. Nc2 c4 13. d4 Ne4 14. Ng5 Nxg5 15. fxg5 e5 16. dxe5 d4 17. Bxc6 Rxc6 18. Nxd4 Rc5 19. Bf4 Bb7 20. Rd1 Qe7 21. Nf3 Bxf3 22. exf3 Bxe5 23. Be3 Bxg3 24. Qxg3 Qxe3+ 25. Kh1 Rxg5 26. Qf2 Qe6 27. Kh2 Re5 28. Rfe1 $17 Re8 29. Rxe5 Qxe5+ 30. Kg2 Qg5+ 31. Kh1 Re3 32. Re1 Rd3 33. Re2 h5 34. h4 Qd5 35. Kg2 Kg7 36. Qg3 a5 37. Qf4 b5 38. a3 Qd6 39. Kg3 Qxf4+ 40. Kxf4 Kf6 41. Ke4 Rd1 42. Kf4 Rd5 43. Rg2 Ke6 44. Re2+ Kf6 45. Rg2 Ke6 46. Re2+ Kf6 1/2-1/2

[Event "Nacional Masters POR 2017-18"]
[Site "Cascais"]
[Date "2018.08.14"]
[Round "5"]
[White "Santos, Antonio Pereira"]
[Black "Dias, Paulo Jorge Guimara"]
[Result "0-1"]
[ECO "A73"]
[WhiteElo "2194"]
[BlackElo "2328"]
[Annotator "NA"]
[PlyCount "56"]
[EventDate "2018.08.11"]
[EventType "tourn"]
[EventCountry "POR"]
[SourceTitle "playchess.com"]
[Source "ChessBase"]
[SourceQuality "1"]
[TimeControl "5400+30"]

1. d4 e6 2. Nf3 Nf6 3. c4 c5 4. d5 exd5 5. cxd5 d6 6. Nc3 g6 7. e4 Bg7 8. Be2 O-O 9. O-O Qe7 10. Nd2 Na6 11. f3 Nc7 12. a4 b6 13. Nc4 Nd7 14. Bf4 Ne5 15. Bxe5 Bxe5 16. Nxe5 Qxe5 17. f4 Qg7 18. e5 dxe5 19. d6 Ne6 20. Qd5 Rb8 21. Qxe5 Nd4 22. Bc4 Be6 $11 23. Bd5 Rfe8 24. Ne4 Qxe5 25. fxe5 Bxd5 26. Nf6+ Kg7 27. Nxd5 Rxe5 28. Nf6 Re6 0-1

[Event "Nacional Masters POR 2017-18"]
[Site "Cascais"]
[Date "2018.08.14"]
[Round "5"]
[White "Dias, Ivo Rodrigues"]
[Black "Martins, Bruno Andre Leite"]
[Result "1/2-1/2"]
[ECO "B32"]
[WhiteElo "2164"]
[BlackElo "2158"]
[Annotator "NA"]
[PlyCount "29"]
[EventDate "2018.08.11"]
[EventType "tourn"]
[EventCountry "POR"]
[SourceTitle "playchess.com"]
[Source "ChessBase"]
[SourceQuality "1"]
[TimeControl "5400+30"]

1. e4 c5 2. Nf3 Nc6 3. d4 cxd4 4. Nxd4 e5 5. Nb5 a6 6. Nd6+ Bxd6 7. Qxd6 Qf6 8. Qd2 Nge7 9. c4 Nd4 10. Nc3 O-O 11. Bd3 Qg6 12. f3 d6 13. O-O f5 14. Qg5 Nec6 15. Nd5 1/2-1/2

[Event "Nacional Masters POR 2017-18"]
[Site "Cascais"]
[Date "2018.08.14"]
[Round "5"]
[White "Guerra, Vitor Manuel Vestia"]
[Black "Padeiro, Jose Joao Tato"]
[Result "0-1"]
[ECO "A46"]
[WhiteElo "2127"]
[BlackElo "2241"]
[Annotator "NA"]
[PlyCount "56"]
[EventDate "2018.08.11"]
[EventType "tourn"]
[EventCountry "POR"]
[SourceTitle "playchess.com"]
[Source "ChessBase"]
[SourceQuality "1"]
[TimeControl "5400+30"]

1. d4 Nf6 2. Nf3 e6 3. g3 d5 4. Bg2 Be7 5. O-O O-O 6. c4 c6 7. Nc3 b6 8. b3 Bb7 9. cxd5 cxd5 10. Bf4 Nc6 11. Rc1 Rc8 12. Na4 Ne4 13. Ne5 Nb4 14. f3 Nd6 15. Rxc8 Qxc8 16. Qd2 Nb5 17. Rc1 Qa8 18. Qb2 f6 19. Nd7 Rd8 20. Bh3 Kf7 21. Nac5 bxc5 22. Nxc5 f5 23. Nxe6 Kxe6 24. Bxf5+ Kxf5 25. Qb1+ Ke6 26. Qxh7 Bf6 27. a4 Rc8 28. Qh3+ {[%emt 0:01:49] Ke5} Ke7 0-1

[Event "Nacional Masters POR 2017-18"]
[Site "Cascais"]
[Date "2018.08.14"]
[Round "5"]
[White "Santos, Jose Alves"]
[Black "Fidalgo, Andre Neves"]
[Result "1/2-1/2"]
[ECO "B22"]
[WhiteElo "2118"]
[BlackElo "2187"]
[Annotator "NA"]
[PlyCount "87"]
[EventDate "2018.08.11"]
[EventType "tourn"]
[EventCountry "POR"]
[SourceTitle "playchess.com"]
[Source "ChessBase"]
[SourceQuality "1"]
[TimeControl "5400+30"]

1. e4 c5 2. c3 Nf6 3. e5 Nd5 4. d4 cxd4 5. cxd4 e6 6. Nf3 d6 7. Bc4 Nb6 8. Bb3 dxe5 9. Nxe5 N8d7 10. O-O Nxe5 11. dxe5 Qxd1 12. Rxd1 Bd7 13. Be3 Bc6 14. Nc3 Be7 15. a4 O-O 16. f4 Nd7 17. a5 Rfc8 18. Ne4 Nxe5 19. Nd6 Bxd6 20. Rxd6 Ng4 21. Bd4 Rd8 22. Rxd8+ Rxd8 23. Rd1 a6 24. h3 Nf6 25. Kf2 Ne4+ 26. Ke3 Ng3 27. Bb6 Rxd1 28. Bxd1 Kf8 29. Bc2 f5 30. Kf2 Nh5 31. g3 Ke7 32. Bc5+ Kf7 33. Bd6 Nf6 34. Ke3 h6 35. Bd3 g5 36. Be2 Ne4 37. Be5 Nf6 38. Bxf6 Kxf6 39. Kd4 Be4 40. b4 Bd5 41. Bd1 Bc6 42. Be2 Bd5 43. Bd1 Bc6 44. Be2 {[%emt 0:00:01] Ke5+ Ke4+} 1/2-1/2

[Event "Nacional Masters POR 2017-18"]
[Site "Cascais"]
[Date "2018.08.15"]
[Round "6"]
[White "Dias, Paulo"]
[Black "Margarido, Jose Miguel Teixeir"]
[Result "0-1"]
[ECO "A45"]
[WhiteElo "2328"]
[BlackElo "2081"]
[Annotator "NA"]
[PlyCount "110"]
[EventDate "2018.08.11"]
[EventType "tourn"]
[EventCountry "POR"]
[SourceTitle "playchess.com"]
[Source "ChessBase"]
[SourceQuality "1"]
[TimeControl "5400+30"]

1. d4 Nf6 2. g3 d5 3. Bg2 e6 4. Nf3 b5 5. a4 {[%emt 0:04:19] A46: 1 d4 Nf6 2 Nf3 e6: Torre, London and Colle Systems} (5. O-O Be7 6. Nbd2 O-O 7. Ne5 Bb7 8. Nb3 a5 9. a4 b4 10. c4 bxc3 {½-½ (10) Hera,I (2620)-Piorun,K (2633) Brest 2018}) 5... b4 6. c4 bxc3 7. bxc3 Ba6 8. O-O Be7 9. Ne5 {[%emt 0:04:24] LiveBook: 8 Games} O-O 10. c4 c6 11. Nd2 Nfd7 $146 ({Predecessor:} 11... Nbd7 12. Nxd7 {½-½ (12) Marholev,D (2284)-Balokas,D (2128) Kecskemet 2015}) 12. Bb2 Nxe5 13. dxe5 Nd7 14. Qc2 Nb6 15. c5 Nd7 16. Rfe1 Qc7 17. e4 Nxc5 18. exd5 cxd5 19. Ba3 Rfc8 20. Rac1 Qd7 21. Bxc5 Bxc5 22. Qa2 h6 23. Bf1 Bxf1 24. Nxf1 Rc6 25. Rb1 Qc7 26. Nd2 (26. Qd2 $142) 26... Bd4 27. Qb3 Bxe5 28. Nf1 Bd4 29. Ne3 Bb6 30. Ng4 Rc8 31. Re2 Rc3 32. Qb5 Qc4 33. Ne5 Qc7 $2 ({Black should try} 33... Qxb5 $19 34. axb5 Rc2) 34. Kg2 Bd4 35. Nd3 Qc4 36. Rd2 Bb6 37. a5 Bd4 38. Qd7 Qc7 ({Schwächer ist} 38... Rxd3 39. Rxd3 Qxd3 40. Qxc8+ Kh7 41. Rc1 $15) 39. Qa4 Rc4 40. Qb5 Bf6 41. a6 Bd4 42. Re2 Bb6 43. Rbe1 (43. Qb2 {might work better.}) 43... Qc6 44. Qb1 d4+ 45. Kg1 Rc3 46. Rd1 Qc4 47. Re4 Rb3 48. Nb2 Qb5 49. Rd2 Qxa6 50. Qd1 Qb5 51. Qa1 $19 d3 52. Kg2 Qd5 53. f3 Rc2 54. Rxc2 dxc2 55. Qc1 Rxb2 0-1

[Event "Nacional Masters POR 2017-18"]
[Site "Cascais"]
[Date "2018.08.15"]
[Round "6"]
[White "Padeiro, Jose Joao Tato"]
[Black "Dias, Ivo Rodrigues"]
[Result "1/2-1/2"]
[ECO "B23"]
[WhiteElo "2241"]
[BlackElo "2164"]
[Annotator "NA"]
[PlyCount "51"]
[EventDate "2018.08.11"]
[EventType "tourn"]
[EventCountry "POR"]
[SourceTitle "playchess.com"]
[Source "ChessBase"]
[SourceQuality "1"]
[TimeControl "5400+30"]

1. e4 c5 2. Nc3 a6 3. g3 b5 4. Bg2 Bb7 5. d3 e6 6. Nh3 Nf6 {[%emt 0:00:10] B23: Closed Sicilian: Lines without g3} (6... b4 7. Ne2 d5 8. e5 Nc6 9. f4 Nh6 10. Nf2 Nf5 11. O-O Qb6 12. c3 Be7 13. g4 Nh4 14. Bh1 {0-1 (35) Yu,Y (2738)-Khismatullin,D (2639) Moscow 2017}) 7. O-O d6 8. f4 Qc7 9. e5 $146 ({Predecessor:} 9. g4 b4 10. Nb1 h5 11. g5 Ng4 12. g6 f6 13. f5 d5 14. Nf4 {1-0 (45) Moskalenko,V (2591)-Cordova,E (2567) Sabadell 2011}) 9... Bxg2 10. Kxg2 Nfd7 11. f5 Nxe5 12. fxe6 fxe6 13. Nf4 Qd7 14. Ne4 Nbc6 15. Qh5+ Qf7 16. Qxf7+ Kxf7 17. Nd5+ Kg8 18. Nc7 Rc8 19. Nxe6 Be7 20. Bf4 h6 21. Bxe5 Nxe5 22. Nf4 Kf7 23. Nh5+ $11 (23. a4 $16 b4 24. Rae1) 23... Kg6 24. Nf4+ Kf7 25. Nh5+ Kg6 26. Nf4+ 1/2-1/2

[Event "Nacional Masters POR 2017-18"]
[Site "Cascais"]
[Date "2018.08.15"]
[Round "6"]
[White "Santos, Antonio Pereira"]
[Black "Santos, Jose Alves"]
[Result "0-1"]
[ECO "D09"]
[WhiteElo "2194"]
[BlackElo "2118"]
[Annotator "NA"]
[PlyCount "40"]
[EventDate "2018.08.11"]
[EventType "tourn"]
[EventCountry "POR"]
[SourceTitle "playchess.com"]
[Source "ChessBase"]
[SourceQuality "1"]
[TimeControl "5400+30"]

1. d4 d5 2. c4 e5 3. dxe5 d4 4. Nf3 Nc6 5. g3 Bg4 6. Nbd2 {[%emt 0:00:24] LiveBook: 7 Games} Qd7 {[%emt 0:00:12] D09: Albin Counter Gambit: Main line with 5 g3} 7. a3 O-O-O 8. h3 Bf5 9. Bg2 Re8 $146 ({Predecessor:} 9... Nge7 10. b4 Ng6 11. Qa4 Kb8 12. Bb2 Qe8 13. O-O h5 14. h4 Bg4 15. b5 Ncxe5 16. Nxd4 {0-1 (33) Servaty,R (2153)-Schebler,G (2482) Recklinghausen 2003}) 10. Qa4 Kb8 11. g4 Bg6 (11... Nxe5 $14 12. Qxd7 Bxd7) 12. O-O ({Besser ist} 12. Nb3 $16) 12... h5 13. Nb3 Be4 14. Nbxd4 $2 (14. Rd1 $16 Nxe5 15. Qxd7 Nxd7 16. Nbxd4) 14... hxg4 15. hxg4 $2 (15. e6 $15 fxe6 16. Ne5 Nxe5 17. Qxd7 Nxd7 18. Bxe4) 15... Qxg4 16. Be3 Bc5 17. Rfd1 Nge7 18. e6 f6 19. Nb5 Bxe3 20. fxe3 Nf5 $19 0-1

[Event "Nacional Masters POR 2017-18"]
[Site "Cascais"]
[Date "2018.08.15"]
[Round "6"]
[White "Fidalgo, Andre Neves"]
[Black "Guerra, Vitor Manuel Vestia"]
[Result "0-1"]
[ECO "D30"]
[WhiteElo "2187"]
[BlackElo "2127"]
[Annotator "NA"]
[PlyCount "56"]
[EventDate "2018.08.11"]
[EventType "tourn"]
[EventCountry "POR"]
[SourceTitle "playchess.com"]
[Source "ChessBase"]
[SourceQuality "1"]
[TimeControl "5400+30"]

1. d4 d5 2. c4 e6 3. Nf3 c6 4. Qc2 b5 5. cxb5 cxb5 6. e4 a6 7. exd5 exd5 8. Bd3 Bd6 9. O-O Ne7 10. Bg5 Be6 11. Nc3 Nbc6 12. Nxb5 axb5 13. Bxb5 Rc8 14. Bxe7 Kxe7 15. Bxc6 Qb6 16. Rac1 Rc7 17. Qa4 $19 (17. b4 $11 Rhc8 18. b5 Qxb5 19. Bxb5 Rxc2 20. Ra1) 17... Rhc8 18. Ne5 Bxe5 19. dxe5 Kf8 20. b3 Rxc6 21. Qa3+ Kg8 22. Rxc6 Qxc6 23. Qe7 h6 24. Qh4 Ra8 25. a4 Rb8 26. Qg3 Qc2 27. f4 Rxb3 28. Qh4 Rb1 0-1

[Event "Nacional Masters POR 2017-18"]
[Site "Cascais"]
[Date "2018.08.15"]
[Round "6"]
[White "Martins, Bruno Andre Leite"]
[Black "Martins, David Pires Tavares"]
[Result "0-1"]
[ECO "C12"]
[WhiteElo "2158"]
[BlackElo "2397"]
[Annotator "NA"]
[PlyCount "68"]
[EventDate "2018.08.11"]
[EventType "tourn"]
[EventCountry "POR"]
[SourceTitle "playchess.com"]
[Source "ChessBase"]
[SourceQuality "1"]
[TimeControl "5400+30"]

1. e4 e6 2. d4 d5 3. Nc3 Nf6 4. Bg5 Bb4 5. e5 h6 6. Bd2 Bxc3 7. bxc3 Ne4 8. Qg4 Kf8 9. Bd3 Nxd2 10. Kxd2 c5 11. Nf3 cxd4 {[%emt 0:00:30] C12: French: Classical System: McCutcheon Variation} 12. cxd4 (12. Nxd4 Qg5+ 13. Qxg5 hxg5 14. h3 Nd7 15. Rae1 Nc5 16. Rhf1 Bd7 17. f4 gxf4 18. Rxf4 Ke7 19. Ref1 {0-1 (77) Inarkiev,E (2693)-Nepomniachtchi,I (2707) Novosibirsk 2012}) 12... Qa5+ 13. c3 Qa3 $146 ({Predecessor:} 13... b6 14. Qf4 Nc6 15. h4 Ba6 16. Bg6 Nd8 17. Ne1 Qb5 18. Qf3 Rc8 19. Nc2 {0-1 (32) Borisenko,V (2302)-Anton Guijarro,D (2462) Albena 2011}) 14. Ne1 Nc6 15. Nc2 Qe7 16. f4 g6 17. h4 h5 18. Qg5 Bd7 19. Ne3 Rc8 20. g4 Qa3 21. Nc2 Qa5 22. f5 {[%emt 0:00:30] [#]} Nxe5 $1 23. dxe5 Qxc3+ 24. Ke3 (24. Ke2 $142 Bb5 25. Qd2 Qxc2 26. Qxc2 Rxc2+ 27. Ke3) 24... Bb5 $1 25. Nb4 Qxe5+ (25... Qxb4 26. fxg6 Qc5+ 27. Kf3 $15) 26. Kd2 Qc3+ 27. Ke3 exf5 28. Rac1 Re8+ 29. Kf3 hxg4+ 30. Kg3 Qxb4 31. Bxb5 Qxb5 32. Qd2 Qe2 33. Qb4+ Kg7 34. Qd4+ Qe5+ 0-1